 Dungeon Crawl Stone Soup version 0.25-a0-927-g39f137c8b7 (webtiles) character file.

Game seed: 4125958722977275792, levelgen mode: deterministic

87465 Maedhros the Peltast (level 15, -9/101 HPs)
             Began as an Octopode Artificer on May 3, 2020.
             Was a High Priest of Cheibriados.
             Mangled by a tyrant leech (37 damage)
             ... on level 2 of the Swamp.
             The game lasted 00:56:47 (13952 turns).

Maedhros the Peltast (Octopode Artificer)          Turns: 13952, Time: 00:56:48

Health: -9/101     AC:  9    Str: 26    XL:     15   Next: 90%
Magic:  0/29       EV: 24    Int: 32    God:    Cheibriados [*****.]
Gold:   1682       SH: 16    Dex: 32    Spells: 4/14 levels left

rFire    . . .     SeeInvis .   E - +8 spear of Maexkyab {drain, rPois Str+3}
rCold    + + .     Gourm    .   U - +0 kite shield "Wuitudun" {rElec Regen+ Str-5} (curse)
rNeg     . . .     Faith    .   (helmet restricted)
rPois    +         Spirit   +   o - amulet of guardian spirit
rElec    +         Reflect  .   Y - ring of resist corrosion
rCorr    +         Harm     .   M - +6 ring of protection
MR       +....                  N - +2 ring of strength
Stlth    ++++++++..             P - ring of stealth
HPRegen  0.66/turn              R - ring of magical power
MPRegen  0.21/turn              W - ring of poison resistance
                                c - +4 ring of intelligence
                                D - ring of protection from cold

@: lethally poisoned (-9 -> -15), very slightly contaminated, very slow
A: almost no armour, stealthy swim, amphibious, 8 rings, constrict 8, yellow
scales 1, camouflage 1, blurry vision 1, cold resistance 1, mutation resistance
1, screaming 1, gelatinous body 1
a: Bend Time, Temporal Distortion, Slouch, Step From Time, Renounce Religion


You were on level 2 of the Swamp.
You worshipped Cheibriados.
Cheibriados was extremely pleased with you.
You were hungry.

You visited 5 branches of the dungeon, and saw 25 of its levels.
You also visited: Ossuary, Bailey and Ice Cave.

You collected 2282 gold pieces.
You spent 600 gold pieces at shops.

Inventory:

Hand Weapons
 a - a +0 short sword
 z - a +2 short sword of protection
 E - the +8 spear of Maexkyab (weapon) {drain, rPois Str+3}
   (You took it off an orc on level 5 of the Dungeon)

   A truly terrible weapon, it drains the life of those it strikes.
   It affects your strength (+3).
   It protects you from poison.
Missiles
 l - 78 poisoned darts (quivered)
 y - 15 curare-tipped darts
 S - 2 throwing nets
Armour
 j - a +1 buckler
 L - the +10 tower shield of Ignorance {rN+ Int-4}
   (You found it on level 10 of the Dungeon)

   It affects your intelligence (-4).
   It protects you from negative energy.
 U - the cursed +0 kite shield "Wuitudun" (worn) {rElec Regen+ Str-5}
   (You found it on level 6 of the Lair of Beasts)

   It affects your strength (-5).
   It insulates you from electricity.
   It increases your rate of regeneration.
   It has a curse placed upon it.
Jewellery
 c - a +4 ring of intelligence (on tentacle)
 o - an amulet of guardian spirit (around mantle)
 D - a ring of protection from cold (on tentacle)
 M - a +6 ring of protection (right tentacle)
 N - a +2 ring of strength (on tentacle)
 O - an uncursed ring of protection from cold
 P - a ring of stealth (on tentacle)
 R - a ring of magical power (on tentacle)
 W - a ring of poison resistance (on tentacle)
 Y - a ring of resist corrosion (left tentacle)
Wands
 b - a wand of flame (1)
 d - a wand of acid (4)
 e - a wand of digging (24)
 w - a wand of polymorph (38)
 G - a wand of enslavement (12)
 T - a wand of paralysis (22)
 V - a wand of scattershot (2)
Scrolls
 i - 5 scrolls of teleportation
 k - 7 scrolls of enchant weapon
 m - 3 scrolls of enchant armour
 n - 3 scrolls of fog
 q - 3 scrolls of immolation
 r - 9 scrolls of remove curse
 A - 2 scrolls of blinking
 H - 2 scrolls of vulnerability
 K - 3 scrolls of silence
 X - 3 scrolls of identify
Potions
 h - 5 potions of heal wounds
 p - 9 potions of flight
 s - 5 potions of mutation
 t - 2 potions of resistance
 u - 4 potions of invisibility
 v - 3 potions of curing
 x - a potion of berserk rage
 B - 2 potions of stabbing
 F - 4 potions of brilliance
 I - 2 potions of ambrosia
 J - a potion of cancellation
 Q - 3 potions of lignification
Comestibles
 f - 28 rations


   Skills:
 - Level 9.0 Fighting
 - Level 1.0 Short Blades
 - Level 9.0 Dodging
 - Level 11.1 Stealth
 - Level 15.0 Shields
 + Level 9.0 Unarmed Combat
 - Level 5.5 Conjurations
 - Level 7.8 Summonings
 - Level 4.0 Fire Magic
 - Level 7.4 Air Magic
 - Level 6.2 Poison Magic
 - Level 7.1 Invocations
 - Level 7.0 Evocations


You had 4 spell levels left.
You knew the following spells:

 Your Spells              Type           Power        Failure   Level  Hunger
a - Conjure Flame         Conj/Fire      ####....     3%          3    ####...
b - Mephitic Cloud        Conj/Pois/Air  #####...     1%          3    ####...
c - Summon Lightning Spi  Summ/Air       #####...     3%          4    #####..

Your spell library contained the following spells:

 Spells                   Type           Power        Failure   Level  Hunger
 Foxfire                  Conj/Fire      ####         1%          1    ##.....
 Magic Dart               Conj           ####         1%          1    ##.....
 Summon Small Mammal      Summ           ####         1%          1    ##.....
 Call Imp                 Summ           ######..     1%          2    ###....
 Call Canine Familiar     Summ           ######..     1%          3    ####...
 Summon Guardian Golem    Hex/Summ       ####....     4%          3    ####...
 Corona                   Hex            #......      9%          1    ##.....
 Dazzling Flash           Conj/Hex       ###...       9%          3    ####...
 Inner Flame              Hex/Fire       ##......     11%         3    ####...
 Sticky Flame             Conj/Fire      ####....     12%         4    #####..
 Blink                    Tloc           N/A          13%         2    ###....
 Ensorcelled Hibernation  Hex/Ice        #.....       13%         2    ###....
 Slow                     Hex            #.......     13%         2    ###....
 Summon Ice Beast         Ice/Summ       ####....     17%         4    #####..
 Confusing Touch          Hex            #.......     26%         3    ####...
 Tukima's Dance           Hex            #.......     26%         3    ####...
 Fireball                 Conj/Fire      ####......   32%         5    ######.


Dungeon Overview and Level Annotations

Branches:
Dungeon (14/15)            Temple (1/1) D:7            Lair (6/6) D:8
  Swamp (2/4) Lair:4        Snake (0/4) Lair:2        Slime (0/5) Lair:6
    Orc (2/2) D:10            Elf (0/3) Orc:2        Vaults (0/5) D:13
Ossuary (visited)          Bailey (visited)           IceCv (visited)

Altars:
Cheibriados
Dithmenos
Elyvilon
Fedhas
Gozag
Kikubaaqudgha
Makhleb
Nemelex Xobeh
Okawaru
Qazlal
Ru
Sif Muna
Trog
Uskayaw
Vehumet
Wu Jian
Xom
Yredelemnul
Zin
The Shining One
Beogh
Jiyva

Shops:
D:8 %   D:9 %   Orc:2 :[[*

Annotations:
D:10 1 runed translucent door, exclusion: 4 orange crystal statues


Innate Abilities, Weirdness & Mutations

You cannot wear most types of armour.
You are very stealthy in the water. (Stealth+)
You are amphibious.
You can wear up to eight rings at the same time.
You can use your tentacles to constrict eight enemies at once.
Your skin changes colour to match your surroundings (Stealth+).
Your rubbery body absorbs attacks. (AC +1, EV +1)
You are partially covered in yellow scales. (AC +2)
Scrolls take you a little longer to read.
Your flesh is cold resistant. (rC+)
You are somewhat resistant to further mutation.
You occasionally shout uncontrollably at your foes.


Message History

The swamp drake completely misses you.
The spriggan rider hits you from afar with a +0 spear of venom!
You hit the tyrant leech.
The tyrant leech is severely wounded.
You feel sick. The tyrant leech bites you!!!
* * * LOW HITPOINT WARNING * * *
The tyrant leech draws strength from your injuries!
You block the swamp drake's attack. You block the spriggan rider's attack.
Unknown command.
You are too injured to fight recklessly!
Unknown command.
You can feel time thicken for a moment.
You hear a splash.
You kill the spriggan!
Cheibriados appreciates the change of pace.
Your Unarmed Combat skill increases to level 9!
You feel somewhat more hungry.
Cheibriados lowers the support of your attributes as your movement quickens.
You feel sick. The tyrant leech bites you!!!
You die...

≈≈≈.......≈≈.<..≈.≈.♣♣..♣♣
♣.≈.>..≈≈≈≈<≈♣≈.≈≈..♣♣♣♣
n.♣.≈≈..≈≈≈≈.≈≈♣..≈≈≈.<♣♣
♣≈≈≈≈≈≈≈≈≈≈...≈.≈≈≈...≈♣
♣≈≈≈≈≈≈≈≈≈≈..≈..≈≈≈.♣♣♣♣
.≈.≈≈≈≈≈≈≈≈.≈≈≈.....♣♣
≈≈.≈≈≈≈≈≈≈..≈≈≈..≈♣♣♣
....≈≈≈≈.≈.≈8.w..♣♣
.k≈≈..=....).@.≈..♣
≈≈≈≈≈≈≈..♣.°§k§≈♣≈♣
≈..≈≈≈≈≈≈♣≈y≈†♣♣♣ ♣
≈♣.≈.≈≈..≈...♣♣
.......≈♣♣♣♣ ...≈≈≈.♣♣
♣.≈≈≈§. ≈≈≈≈≈.. .≈≈≈...


You could see a tyrant leech (confused), a hornet, a swamp drake and a friendly
lightning spire.

Vanquished Creatures
  A frost giant (IceCv)
  Snorg (Orc:1)
  3 vault guards (D:13)
  6 hydras
  A shambling mangrove (Swamp:1)
  A two-headed ogre (D:13)
  A centaur warrior (D:14)
  12 death yaks
  5 orc high priests (Orc:2)
  2 unseen horrors
  A swamp dragon (Swamp:1)
  10 orc knights
  A wolf spider (Lair:6)
  Pikel (D:9)
  A salamander (shapeshifter) (D:13)
  5 ugly things (D:14)
  An orc sorcerer (Bailey)
  A deep elf mage (D:12)
  An oklob plant (Lair:4)
  6 elephants (Lair:3)
  A cyclops (D:11)
  A guardian serpent (Lair:6)
  8 black mambas (Lair:6)
  An ice statue (IceCv)
  2 gargoyles
  14 spiny frogs
  An efreet (D:13)
  2 rime drakes (Lair:6)
  3 kobold demonologists
  4 komodo dragons
  A tengu conjurer (D:12)
  2 ice devils (Lair:2)
  2 trolls
  2 tyrant leeches
  16 polar bears (IceCv)
  Grinder (D:3)
  Prince Ribbit (D:9)
  A hornet (shapeshifter) (D:13)
  8 blink frogs (Lair:4)
  2 bog bodies
  11 hornets
  6 hippogriffs
  4 dream sheep (Lair:6)
  15 slime creatures
  6 spriggans
  45 yaks
  15 wyverns
  9 humans (D:13)
  2 basilisks
  Grum (D:9)
  5 vampire mosquitoes (Lair:4)
  4 wargs
  A naga (Lair:2)
  9 insubstantial wisps (Swamp:1)
  4 swamp worms (Swamp:1)
  22 water moccasins
  3 acid dragons
  2 porcupines
  4 eyes of draining
  2 swamp drakes (Swamp:1)
  6 ice beasts
  3 black bears
  44 orc warriors
  3 necrophages
  4 ogres
  A sky beast (D:9)
  4 phantoms
  23 wolves
  11 centaurs
  5 crocodiles
  5 big kobolds (D:11)
  An elf zombie (D:5)
  6 bullfrogs
  A gnoll sergeant (D:10)
  A wyvern skeleton (D:10)
  3 scorpions
  3 electric eels (Bailey)
  3 crimson imps
  5 bullfrog zombies
  A centaur zombie (Ossuary)
  5 hounds
  3 jellies
  A human zombie (D:5)
  26 orc priests
  Natasha (thrice) (D:4)
  2 bullfrog skeletons
  2 centaur skeletons
  An iguana (D:5)
  A human skeleton (D:5)
  11 orc wizards
  2 hell rats (Lair:4)
  5 worker ants
  A killer bee zombie (Ossuary)
  4 hound zombies
  9 mummies (Ossuary)
  A worker ant zombie (Ossuary)
  13 gnolls
  7 adders
  9 river rats (Lair:4)
  6 shadow imps
  2 adder skeletons
  2 adder zombies (Ossuary)
  A worm (D:5)
  A dart slug (D:1)
  3 leopard geckos
  83 orcs
  4 giant cockroaches
  15 goblins
  13 hobgoblins
  13 jackals
  9 kobolds
  3 quokkas
  3 ball pythons
  5 bats
  5 frilled lizards
  A jackal skeleton (D:5)
  A jackal zombie (Ossuary)
  A leopard gecko zombie (Ossuary)
  2 orc skeletons (D:5)
  An orc zombie (D:5)
  A quokka zombie (Ossuary)
  9 rats
  A fungus (Lair:6)
  2 withered plants (Ossuary)
730 creatures vanquished.

Vanquished Creatures (collateral kills)
  2 spriggan druids
  A hornet (Swamp:1)
  A slime creature (D:14)
  2 yaks (Lair:4)
  A spriggan (Swamp:1)
  A swamp worm (Swamp:1)
  A wolf (Lair:4)
  A centaur (D:14)
  A leopard gecko zombie (Ossuary)
11 creatures vanquished.

Vanquished Creatures (others)
  An ugly thing (D:14)
  A slave (D:9)
  A bullfrog zombie (Ossuary)
  A worker ant (D:8)
  An orc (D:5)
  A jackal (D:2)
  A bush (Lair:6)
  18 fungi
  26 plants
51 creatures vanquished.

Grand Total: 792 creatures vanquished

Notes
Turn   | Place    | Note
-------+----------+-------------------------------------------
     0 | D:1      | Maedhros the Octopode Artificer began the quest for the
                  | Orb.
     0 | D:1      | Reached XP level 1. HP: 13/13 MP: 3/3
   600 | D:1      | Reached XP level 2. HP: 18/18 MP: 4/4
   819 | D:2      | Reached skill level 1 in Shields
   852 | D:2      | Found a faded altar of an unknown god.
   861 | D:2      | Reached XP level 3. HP: 11/23 MP: 5/5
  1368 | D:3      | Noticed Grinder
  1395 | D:3      | Gained mutation: Your flesh is cold resistant. (rC+)
                  | [potion of mutation]
  1395 | D:3      | Gained mutation: Your spells are a little harder to cast,
                  | but a little more powerful. [potion of mutation]
  1407 | D:3      | Killed Grinder
  1407 | D:3      | Reached skill level 3 in Shields
  1407 | D:3      | Reached XP level 4. HP: 23/28 MP: 6/6
  1407 | D:3      | Reached XP level 5. HP: 28/33 MP: 7/7
  1407 | D:3      | Reached XP level 6. HP: 32/38 MP: 8/8
  1753 | D:4      | Reached skill level 4 in Shields
  2140 | D:4      | Noticed Natasha
  2145 | D:4      | Killed Natasha
  2202 | D:4      | Noticed Natasha
  2209 | D:4      | Killed Natasha
  2383 | D:4      | Noticed Natasha
  2395 | D:4      | Killed Natasha
  2512 | D:5      | Entered Level 5 of the Dungeon
  2515 | D:5      | Reached XP level 7. HP: 23/43 MP: 9/9
  2796 | D:5      | Reached skill level 5 in Shields
  2804 | D:5      | Found an iron altar of Okawaru.
  2925 | D:5      | Identified the +8 spear of Maexkyab {drain, rPois Str+3}
  3015 | D:5      | Reached XP level 8. HP: 22/48 MP: 7/10
  3036 | D:5      | Found a sand-covered staircase.
  3059 | Ossuary  | Entered an ossuary
  3068 | Ossuary  | Reached skill level 6 in Shields
  3235 | Ossuary  | Reached skill level 10 in Stealth
  3733 | D:6      | Found a stormy altar of Qazlal.
  3733 | D:6      | Noticed an air elemental
  3734 | D:6      | Noticed a water elemental
  3746 | D:6      | Reached skill level 7 in Shields
  3782 | D:6      | Reached XP level 9. HP: 46/53 MP: 11/11
  3785 | D:6      | Reached skill level 1 in Unarmed Combat
  3981 | D:6      | Learned a level 3 spell: Conjure Flame
  4379 | D:7      | Found a staircase to the Ecumenical Temple.
  4403 | Temple   | Entered the Ecumenical Temple
  4417 | Temple   | Became a worshipper of Xom of Chaos
  4458 | Temple   | Fell from the grace of Xom
  4458 | Temple   | Became a worshipper of Cheibriados the Contemplative
  4513 | D:7      | Found a flagged portal.
  4521 | Bailey   | Entered a bailey
  4703 | Bailey   | Reached skill level 5 in Dodging
  4735 | Bailey   | Reached skill level 5 in Fighting
  4762 | Bailey   | Noticed a kobold demonologist
  4762 | Bailey   | Noticed an orc sorcerer
  4768 | Bailey   | Noticed an orc knight
  4773 | Bailey   | Killed an orc sorcerer
  4773 | Bailey   | Reached XP level 10. HP: 61/67 MP: 12/12
  4775 | Bailey   | Reached * piety under Cheibriados
  4780 | Bailey   | Killed an orc knight
  4785 | Bailey   | Killed a kobold demonologist
  4787 | Bailey   | Found an iron altar of Okawaru.
  4798 | Bailey   | XOM: noise
  4992 | Bailey   | Reached ** piety under Cheibriados
  5018 | Bailey   | Noticed an orc knight
  5028 | Bailey   | Killed an orc knight
  5096 | D:7      | XOM: draining
  5186 | D:6      | XOM: give mutations
  5186 | D:6      | Lost mutation: Your spells are a little harder to cast, but
                  | a little more powerful. [Xom's mischief]
  5186 | D:6      | Gained mutation: Your magical capacity is low. (-10% MP)
                  | [Xom's mischief]
  5186 | D:6      | Gained mutation: You do not regenerate when monsters are
                  | visible. [Xom's mischief]
  5201 | D:5      | Lost mutation: You do not regenerate when monsters are
                  | visible. [potion of mutation]
  5201 | D:5      | Lost mutation: Your magical capacity is low. (-10% MP)
                  | [potion of mutation]
  5201 | D:5      | Gained mutation: You are somewhat resistant to further
                  | mutation. [potion of mutation]
  5201 | D:5      | Gained mutation: You are partially covered in yellow
                  | scales. (AC +2) [potion of mutation]
  5505 | D:6      | Found a hide-covered altar of Uskayaw.
  5508 | D:6      | Noticed a +0 hand axe
  5508 | D:6      | Noticed a +0 dagger
  5732 | D:7      | XOM: stat loss: -3 Str (19/22)
  5839 | D:8      | Found Kut Raucre's Food Shoppe.
  5861 | D:8      | Found a staircase to the Lair.
  5872 | D:8      | Noticed a gargoyle
  5879 | D:8      | Killed a gargoyle
  6076 | D:8      | Found a burning altar of Makhleb.
  6103 | D:8      | Reached XP level 11. HP: 63/76 MP: 13/13
  6178 | D:9      | Found an opulent altar of Gozag.
  6202 | D:9      | Noticed Pikel
  6210 | D:9      | Killed Pikel
  6242 | D:9      | XOM: divination: detect creatures
  6260 | D:9      | Noticed Grum
  6261 | D:9      | Reached *** piety under Cheibriados
  6264 | D:9      | Noticed Prince Ribbit
  6283 | D:9      | Killed Grum
  6296 | D:9      | Killed Prince Ribbit
  6449 | D:9      | Found Onaatz's Food Boutique.
  6501 | D:10     | Entered Level 10 of the Dungeon
  6523 | D:10     | Reached skill level 5 in Unarmed Combat
  6533 | D:10     | XOM: noise
  6673 | D:10     | XOM: silly message
  6690 | D:10     | Found a runed translucent door.
  6692 | D:10     | Reached **** piety under Cheibriados
  6723 | D:10     | Found the +10 tower shield of Ignorance {rN+ Int-4}
  6732 | D:10     | Found a runed translucent door.
  6734 | D:10     | Noticed an orange crystal statue
  6734 | D:10     | Noticed an orange crystal statue
  6812 | D:10     | Noticed an orange crystal statue
  6812 | D:10     | Noticed an orange crystal statue
  6839 | D:10     | Found a staircase to the Orcish Mines.
  6852 | D:10     | Found a roughly hewn altar of Beogh.
  6864 | D:10     | Reached skill level 8 in Shields
  7002 | D:11     | Reached skill level 1 in Invocations
  7081 | D:11     | XOM: 2-stop teleportation journey
  7089 | D:11     | Killed an unseen horror
  7160 | D:11     | Noticed a cyclops
  7170 | D:11     | Killed a cyclops
  7170 | D:11     | Reached skill level 9 in Shields
  7170 | D:11     | Reached skill level 5 in Invocations
  7223 | D:11     | XOM: noise
  7540 | D:12     | Reached XP level 12. HP: 78/84 MP: 16/16
  7586 | D:12     | XOM: noise
  7658 | D:12     | Found a sacrificial altar of Ru.
  8003 | D:13     | Noticed a two-headed ogre
  8012 | D:13     | Killed a two-headed ogre
  8063 | D:13     | Reached skill level 5 in Evocations
  8074 | D:13     | Reached ***** piety under Cheibriados
  8085 | D:13     | Noticed a vault guard
  8085 | D:13     | Noticed a vault guard
  8106 | D:13     | Reached skill level 10 in Shields
  8110 | D:13     | Killed a vault guard
  8113 | D:13     | XOM: enchant monster (bad)
  8129 | D:13     | Killed a vault guard
  8130 | D:13     | Noticed a vault guard
  8164 | D:13     | Killed a vault guard
  8164 | D:13     | Reached skill level 11 in Shields
  8171 | D:13     | Found a gate to the Vaults.
  8228 | D:13     | XOM: summons 7 hostile demons
  8335 | D:14     | Reached XP level 13. HP: 39/89 MP: 8/18
  8486 | D:14     | Reached skill level 12 in Shields
  8516 | D:14     | XOM: silly message
  8611 | Orc:1    | Entered Level 1 of the Orcish Mines
  8659 | Orc:1    | XOM: silly message
  8673 | Orc:1    | XOM: divination: detect items
  8696 | Orc:2    | Entered Level 2 of the Orcish Mines
  8702 | Orc:2    | XOM: silly message
  8750 | Orc:1    | Noticed Snorg
  8763 | Orc:1    | Killed Snorg
  8805 | Orc:2    | XOM: silly message
  8985 | Orc:2    | XOM: silly message
  9052 | Orc:1    | Reached skill level 13 in Shields
  9052 | Orc:1    | XOM: noise
  9326 | Orc:2    | Found a staircase to the Elven Halls.
  9564 | Orc:2    | Reached skill level 14 in Shields
  9586 | Orc:2    | Reached ****** piety under Cheibriados
  9597 | Orc:2    | XOM: confusion (+ monsters)
  9726 | Orc:2    | Found Dunow's Book Shop.
  9726 | Orc:2    | Found Fovap's Assorted Antiques.
  9727 | Orc:2    | Found Aluizxuk's Antique Armour Boutique.
  9727 | Orc:2    | Found Lupp's Armour Shop.
  9742 | Orc:2    | Bought a book of Callings for 360 gold pieces
  9742 | Orc:2    | Bought a book of Minor Magic for 240 gold pieces
  9746 | Orc:2    | Learned a level 3 spell: Mephitic Cloud
  9751 | Orc:2    | Learned a level 4 spell: Summon Lightning Spire
  9892 | Lair:1   | XOM: noise
  9892 | Lair:1   | Entered Level 1 of the Lair of Beasts
  9966 | Lair:1   | XOM: summons 4 hostile demons
 10142 | Lair:1   | XOM: give mutations
 10142 | Lair:1   | Gained mutation: Scrolls take you a little longer to read.
                  | [Xom's mischief]
 10142 | Lair:1   | Gained mutation: You occasionally shout uncontrollably at
                  | your foes. [Xom's mischief]
 10326 | Lair:2   | Found a frozen archway.
 10343 | Lair:2   | Reached skill level 1 in Air Magic
 10348 | IceCv    | Entered an ice cave
 10354 | IceCv    | Reached skill level 1 in Poison Magic
 10373 | IceCv    | Reached skill level 1 in Summonings
 10380 | IceCv    | Reached XP level 14. HP: 95/97 MP: 19/19
 10557 | IceCv    | Noticed a frost giant
 10583 | IceCv    | Killed a frost giant
 10781 | IceCv    | Was forgiven by Xom
 11021 | Lair:2   | Noticed Sonja
 11023 | Lair:2   | Noticed Sonja
 11023 | Lair:2   | Sonja changed into Sonja the tengu
 11024 | Lair:2   | Noticed Sonja
 11024 | Lair:2   | Sonja the tengu changed into Sonja the naga
 11027 | Lair:2   | Reached skill level 15 in Shields
 11032 | Lair:2   | Killed Sonja the naga
 11281 | Lair:3   | Reached skill level 5 in Air Magic
 11558 | Lair:3   | Reached skill level 5 in Poison Magic
 11651 | Lair:3   | Got a smoking long sword
 11652 | Lair:3   | Identified the cursed +1 long sword "Veomoig" {speed, rElec
                  | Str+6 Stlth-} (You found it on level 3 of the Lair of
                  | Beasts)
 11801 | Lair:6   | Entered Level 6 of the Lair of Beasts
 11810 | Lair:6   | Found a viscous altar of Jiyva.
 11810 | Lair:6   | Found a staircase to the Slime Pits.
 11980 | Lair:6   | Reached skill level 5 in Summonings
 12096 | Lair:6   | Reached skill level 1 in Conjurations
 12135 | Lair:6   | Reached XP level 15. HP: 79/101 MP: 20/20
 12159 | Lair:6   | Got a twisted kite shield
 12175 | Lair:6   | Identified the cursed +0 kite shield "Wuitudun" {rElec
                  | Regen+ Str-5} (You found it on level 6 of the Lair of
                  | Beasts)
 12365 | Lair:6   | Reached skill level 5 in Conjurations
 12447 | Lair:6   | Reached skill level 1 in Fire Magic
 12546 | Lair:5   | Found an ornate altar of the Wu Jian Council.
 12988 | Lair:4   | Found a staircase to the Swamp.
 12997 | Swamp:1  | Entered Level 1 of the Swamp
 13952 | Swamp:2  | Mangled by a tyrant leech

Levels and vault maps discovered:
D:1:      kilobyte_arrival_exit_the_forest, layout_loops_ring
D:2:      layout_basic, chequers_ecumenical_altar_simple_redux
D:3:      layout_rooms, uniq_grinder
D:4:      layout_rooms, first_ration, serial_park_tiny_2, uniq_natasha
D:5:      layout_loops_ring, nicolae_ossuary_entry_catacombs,
          okawaru_ov_weapons_minmay
D:6:      layout_basic, dancing_weapons_uskayaw,
          nicolae_qazlal_style_of_elements
D:7:      layout_loops_ring, temple_fountains, enter_bailey_2, the_bakery,
          minivault_22
D:8:      cheibrodos_shockbox, layout_loops_ring, kennysheep_mini_moat,
          erik_lair_orcish_takeover, serial_shops, shop,
          kennysheep_decorative_pillar, minmay_manual_mares
D:9:      layout_rooms, grunt_gozag_breadcrumbs, serial_shops, shop,
          nicolae_lava_and_water, minmay_misc_feat_doors, uniq_pikel,
          uniq_prince_ribbit1, uniq_grum
D:10:     layout_loops_ring, minmay_orc_entry_temple_small,
          chequers_guarded_unrand_ignorance
D:11:     layout_irregular_city, uniq_erica
D:12:     layout_basic, nicolae_ru_the_path_less_chosen
D:13:     layout_cave_pools, ximxim_vaults_locker_room, serial_glass,
          glass_columns_a, glass_columns_a, glass_columns_a, glass_columns_a,
          glass_columns_a, glass_columns_c, feat_on_display, feat_on_display,
          feat_on_display
D:14:     layout_small_grid, ebering_ghost_funeral_grove, guppyfry_shop_blood,
          uniq_louise
Temple:   eino_narrow_crystal_temple
Lair:1:   layout_gridlike, lemuel_fruit_fields
Lair:2:   layout_gridlike, guppyfry_snake_entry_garden,
          portal_ice_cave_demonic_guard, uniq_sonja
Lair:3:   layout_regular_city
Lair:4:   layout_gridlike, minmay_swamp_entry_swarm, kennysheep_rathole,
          lemuel_fruit_tree
Lair:5:   layout_concentric_octagons, basic_altar, beast_lair_carwin_1,
          infiniplex_staircase_pool_2, serial_bayou_shore_a
Lair:6:   hangedman_lair_tendril_chambers, layout_loops_ring,
          dpeg_slime_entry_enclosed_altar
Swamp:1:  layout_falls_marsh, nicolae_swamp_round_clearing
Swamp:2:  layout_basic_swamp, nicolae_swamp_stair_fork,
          infiniplex_staircase_pool
Orc:1:    layout_diamond_mine, library_closet, uniq_snorg
Orc:2:    st_orc_pillars, layout_diamond_mine

Skill      XL: |  1  2  3  4  5  6  7  8  9 10 11 12 13 14 15 |
---------------+----------------------------------------------+-----
Stealth        | 2 3 6 7 9 11 | 11.1
Shields        | 1 3 4 5 7 9 11 14 15 | 15.0
Unarmed Combat | 3 5 9 |  9.0
Fighting       | 5 8 9 |  9.0
Dodging        | 6 8 9 |  9.0
Invocations    | 5 7 |  7.1
Evocations     | 7 |  7.0
Air Magic      | 1 7 |  7.4
Poison Magic   | 1 6 |  6.2
Summonings     | 1 5 7 |  7.8
Conjurations   | 2 5 |  5.5
Fire Magic     | 4 |  4.0
Short Blades   | |  1.0

Action                   |  1- 3 |  4- 6 |  7- 9 | 10-12 | 13-15 || total
-------------------------+-------+-------+-------+-------+-------++-------
Melee: Short sword       |    62 |    59 |   132 |       |       ||   253
       Constrict         |    17 |    14 |    53 |    88 |   137 ||   309
       Tentacles         |    12 |    13 |    53 |   161 |   500 ||   739
       Spear             |       |       |   167 |   521 |  1210 ||  1898
       Punch             |       |       |     2 |    40 |   103 ||   145
Throw: Dart              |       |       |       |       |     5 ||     5
 Cast: Summon Lightning  |       |       |       |       |    12 ||    12
       Mephitic Cloud    |       |       |       |       |     3 ||     3
       Conjure Flame     |       |       |       |       |     1 ||     1
Invok: Slouch            |       |       |       |     3 |    17 ||    20
       Temporal Distorti |       |       |       |       |     2 ||     2
Evoke: Wand              |     8 |       |    34 |     9 |    41 ||    92
  Use: Potion            |     4 |       |     8 |     2 |     4 ||    18
       Scroll            |       |       |       |    22 |     8 ||    30
 Stab: Sleeping          |     7 |     4 |    13 |    30 |    32 ||    86
       Invisible         |       |       |     5 |       |       ||     5
       Distracted        |       |       |     3 |       |    10 ||    13
       Confused          |       |       |     1 |     3 |     2 ||     6
       Paralysed         |       |       |       |       |     5 ||     5
  Eat: Chunk             |     1 |     4 |     6 |     5 |    17 ||    33
       Ration            |       |       |     1 |       |     1 ||     2
Armor: Skin              |     4 |     4 |    35 |    58 |    74 ||   175
Dodge: Dodged            |    48 |    34 |    98 |   198 |   471 ||   849
Block: Buckler           |     5 |     8 |    38 |    97 |       ||   148
       Tower shield      |       |       |       |   262 |  1427 ||  1689
       Kite shield       |       |       |       |       |   120 ||   120

Table legend:
 A = Non-vault XP
 B = Vault XP
 C = Vault XP percentage of total XP
 D = Non-vault monster count
 E = Vault monster count
 F = Vault count percentage of total count
                 A         B        C        D         E       F
            +---------+---------+-------+---------+---------+-------
      Total |   78194 |   46757 |  37.4 |     465 |     274 |  37.1
            +---------+---------+-------+---------+---------+-------
        D:1 |      12 |       0 |   0.0 |       7 |       0 |   0.0
        D:2 |      44 |       0 |   0.0 |      20 |       0 |   0.0
        D:3 |      71 |     295 |  80.6 |      25 |       1 |   3.8
        D:4 |     158 |      39 |  19.8 |       9 |       1 |  10.0
        D:5 |     539 |     173 |  24.3 |      24 |       6 |  20.0
        D:6 |    1416 |       0 |   0.0 |      23 |       0 |   0.0
        D:7 |     810 |     229 |  22.0 |      22 |       1 |   4.3
        D:8 |     654 |     844 |  56.3 |       7 |      11 |  61.1
        D:9 |    1038 |    1546 |  59.8 |      10 |       7 |  41.2
       D:10 |    1794 |     664 |  27.0 |      24 |       9 |  27.3
       D:11 |    3672 |       0 |   0.0 |      25 |       0 |   0.0
       D:12 |    3546 |       0 |   0.0 |      14 |       0 |   0.0
       D:13 |    5014 |    4759 |  48.7 |      22 |      12 |  35.3
       D:14 |    5123 |       0 |   0.0 |      24 |       0 |   0.0
     Lair:1 |     328 |       0 |   0.0 |       3 |       0 |   0.0
     Lair:2 |    1599 |     854 |  34.8 |       7 |       3 |  30.0
     Lair:3 |   10017 |       0 |   0.0 |      21 |       0 |   0.0
     Lair:4 |    7427 |    1071 |  12.6 |      34 |      18 |  34.6
     Lair:5 |    2653 |       0 |   0.0 |      11 |       0 |   0.0
     Lair:6 |   15424 |    9742 |  38.7 |      42 |      33 |  44.0
    Swamp:1 |   12720 |       0 |   0.0 |      47 |       0 |   0.0
    Swamp:2 |    1368 |       0 |   0.0 |       5 |       0 |   0.0
      Orc:1 |    2398 |    1123 |  31.9 |      32 |       1 |   3.0
      Orc:2 |     369 |   11600 |  96.9 |       7 |      70 |  90.9
    Ossuary |       0 |     508 | 100.0 |       0 |      23 | 100.0
     Bailey |       0 |    3579 | 100.0 |       0 |      42 | 100.0
      IceCv |       0 |    9731 | 100.0 |       0 |      36 | 100.0
            +---------+---------+-------+---------+---------+-------
